Map: Lerilak Crest

Players

LilDicky - Winner!

  • Race: Terran Terran
  • League: Diamond

DownFALL

  • Race: Zerg Zerg
  • League: Platinum

VOD

http://www.twitch.tv/tumescentpie

Description

Time

  • Played on: Nov. 23, 2015, 4:06 p.m.
  • Length: 10:37
Show
View Real Time Build Order
Export as new Build Order

LilDicky Terran - Winner!

Build Orders: MMM Bio 

Get SALT Encoding   

  12  0:01  SCV  
  13  0:13  SCV  
  14  0:17  Supply Depot  
  14  0:25  SCV  
  15  0:30  Refinery  
  15  0:39  SCV  
  16  0:45  Barracks  
  16  0:51  SCV  
  17  1:06  SCV  
  18  1:19  SCV  
  19  1:31  SCV  
  20  1:33  Reaper  
  20  1:35  Supply Depot  
  21  1:43  Orbital Command  
  21  1:52  Command Center  
  21  2:05  Reaper  
  21  2:08  Supply Depot  
  22  2:09  Refinery  
  22  2:17  SCV  
  23  2:36  SCV  
  24  2:38  Factory  
  25  2:53  SCV  
  25  2:57  Barracks Reactor  
  25  3:05  Orbital Command  
  25  3:14  SCV  
  26  3:22  Supply Depot  
  26  3:40  SCV x2, Starport  
  28  3:46  Barracks Reactor, Hellion x2  
  32  3:52  SCV x2  
  33  4:07  Hellion  
  33  4:08  SCV, Hellion  
  37  4:10  SCV  
  37  4:15  Liberator  
  38  4:18  Barracks  
  38  4:19  Barracks  
  38  4:20  SCV, Barracks  
  38  4:22  SCV  
  40  4:29  Supply Depot, Hellion x2  
  44  4:31  Barracks Tech Lab  
  47  4:41  SCV x2  
  49  4:53  SCV x2  
  49  4:54  Liberator  
  49  4:55  Hellion x2  
  49  4:56  Stimpack  
  49  4:58  Marine  
  56  5:05  SCV  
  56  5:06  SCV  
  57  5:07  Barracks Reactor, Barracks Tech Lab  
  57  5:08  Barracks Reactor  
  57  5:10  Liberator  
  60  5:15  Marine  
  61  5:26  Supply Depot  
  61  5:28  SCV, Hellion x2  
  69  5:33  Marine  
  60  5:49  Hellion x2  
  56  5:51  Marine  
  52  6:06  Marine  
  52  6:07  Marine x4  
  52  6:09  Marine  
  52  6:11  SCV, Hellion x2  
  63  6:24  Marine x2  
  63  6:25  SCV x2, Marine x3  
  70  6:27  Marine  
  70  6:32  Hellion x2  
  75  6:39  Medivac  
  77  6:42  Marine  
  78  6:47  Marine x2  
  78  6:48  Medivac  
  73  6:55  Marine x3  
  73  6:58  SCV  
  73  7:00  Combat Shields  
  76  7:06  Armory  
  76  7:08  SCV, Marine  
  78  7:17  SCV, Medivac, Supply Depot x2, Marine  
  78  7:18  Command Center, Engineering Bay, Medivac  
  78  7:19  Engineering Bay, Marine  
  78  7:20  Marine  
  86  7:38  Marine x3  
  86  7:39  Marauder  
  86  7:42  SCV, Hellion x2  
  96  7:47  Medivac  
  96  7:48  Medivac  
  96  7:51  Marine x2  
  93  7:56  Marine x3  
  85  8:01  Marauder  
  87  8:09  Marine x2  
  89  8:14  Marine x3  
  92  8:22  Marine  
  92  8:26  Marine  
  94  8:32  Marauder  
  95  8:35  Marine x2  
  95  8:39  Marine x2  
  99  8:41  Planetary Fortress  
  99  8:45  SCV, Marine  
  99  8:46  Missile Turret  
  101  8:52  Marine x2  
  101  8:54  Marauder  
  105  8:57  Marine  
  105  8:58  Marauder  
  108  9:02  Marine  
  109  9:10  Marine x2  
  109  9:15  Marauder, Marine  
  112  9:19  Marauder  
  112  9:20  Marine  
  112  9:22  Medivac  
  117  9:35  Supply Depot  
  117  9:36  Missile Turret  
  117  9:42  Missile Turret x2  
  117  9:43  Missile Turret  
  117  9:44  Supply Depot  
  117  9:46  Supply Depot  
  117  9:47  Supply Depot  
  117  9:48  Supply Depot  
  117  9:50  Supply Depot, Marine  
  117  9:56  Marine x2, Widow Mine x2  
  117  9:57  Marauder  
  117  9:58  Marine  
  125  10:02  Missile Turret  
  125  10:03  Missile Turret x2, Marine  
  125  10:08  Marine  
  126  10:14  Marine  
Show
View Real Time Build Order
Export as new Build Order

DownFALL Zerg 

Build Orders: Hatch First 

Get SALT Encoding   

  12  0:01  Drone  
  13  0:17  Drone  
  14  0:38  Hatchery, Drone  
  14  0:45  Drone, Extractor  
  14  0:53  Overlord  
  14  1:12  Drone x3  
  17  1:22  Spawning Pool  
  16  1:26  Drone  
  17  1:34  Drone  
  18  1:49  Overlord  
  18  1:53  Drone  
  19  2:03  Drone  
  19  2:04  Drone  
  21  2:11  Queen  
  21  2:13  Zergling x2  
  24  2:22  Metabolic Boost  
  24  2:26  Queen  
  26  2:31  Zergling x2  
  27  2:42  Extractor  
  25  3:04  Queen  
  27  3:06  Drone  
  27  3:07  Zergling x4  
  27  3:08  Drone x3  
  33  3:14  Baneling Nest  
  33  3:19  Drone  
  33  3:49  Zergling x6  
  35  4:11  Overlord  
  35  4:12  Overlord x2  
  35  4:33  Zergling x2  
  35  4:34  Hatchery, Zergling x14  
  41  4:47  Zergling x14  
  48  5:06  Zergling x4  
  50  5:15  Zergling x8  
  50  5:18  Lair  
  54  5:21  Extractor  
  35  6:07  Zergling x2  
  35  6:08  Zergling x20  
  42  6:39  Drone x2  
  44  6:40  Drone  
  41  6:50  Zergling x12  
  39  7:01  Zergling x4  
  40  7:09  Spore Crawler  
  40  7:10  Spire  
  40  7:12  Spore Crawler  
  40  7:14  Baneling x4  
  40  7:15  Baneling x2  
  37  7:16  Zergling x12  
  43  7:29  Zergling x4  
  46  7:30  Zergling x2  
  27  8:33  Mutalisk x6  
  35  8:43  Mutalisk x5  
  35  8:44  Spore Crawler  
  44  8:50  Spore Crawler  
  43  8:56  Mutalisk  
  43  8:57  Mutalisk  
  47  9:14  Mutalisk x2  
  51  9:28  Zergling x2  
  52  9:40  Spine Crawler  
  52  9:42  Spine Crawler  
  52  9:44  Spine Crawler  
  48  10:01  Spore Crawler  
Tags
 
Add a new tag
Caveats
  • Supply blocks, unpowered buildings, or Contaminate may cause inaccurate times.
  • Supply counts are checked every 10 seconds.